 Dungeon Crawl Stone Soup version 0.21.0-24-g2553a33 (webtiles) character file.

266994 microfolk the Messiah (level 20, -1/193 HPs)
             Began as a Hill Orc Monk on Jan 18, 2018.
             Was the Champion of Beogh.
             Killed from afar by a deep elf mage (26 damage)
             ... with a bolt of lightning
             ... on level 4 of the Vaults on Jan 19, 2018.
             The game lasted 03:09:12 (48856 turns).

microfolk the Messiah (Hill Orc Monk)              Turns: 48856, Time: 03:09:13

Health: -1/193     AC: 28    Str: 28    XL:     20   Next: 11%
Magic:  34/34      EV: 14    Int: 10    God:    Beogh [******]
Gold:   2212       SH: 15    Dex: 16    Spells: 16/19 levels left

rFire    + + .     SeeInvis +   E - +5 hand axe of Neurosis {speed, Str+8}
rCold    + . .     Gourm    .   s - +0 shield
rNeg     . . .     Faith    +   Z - +4 plate armour
rPois    .         Spirit   .   X - +2 hat {MR+}
rElec    .         Reflect  .   Y - scarf {rC+ rF+}
rCorr    +         Harm     .   I - +0 pair of gloves
MR       ++...                  K - +0 pair of boots of the Skies Above {rF+ rCorr}
Stlth    ..........             R - amulet of faith
HPRegen  0.42/turn              L - +4 ring of evasion
MPRegen  0.24/turn              H - ring of see invisible

@: marked
A: walk on water
}: 2/15 runes: barnacled, gossamer
a: Smiting, Recall Orcish Followers, Give Item to Named Follower, Resurrection,
Renounce Religion


You were on level 4 of the Vaults.
You worshipped Beogh.
Beogh was exalted by your worship.
You were not hungry.

You visited 8 branches of the dungeon, and saw 37 of its levels.
You visited the Abyss 2 times.
You visited 1 bazaar.
You also visited: Ossuary.

You collected 4145 gold pieces.
You spent 1933 gold pieces at shops.

Inventory:

Hand Weapons
 f - a +1 trident of piercing
 B - a +2 vampiric trident
 E - the +5 hand axe of Neurosis (weapon) {speed, Str+8}
   (You found it on level 10 of the Dungeon)

   Attacks with this weapon are significantly faster.
   It affects your strength (+8).
Missiles
 z - 6 throwing nets (quivered)
Armour
 r - a scarf of repulsion
 s - a +0 shield (worn)
 u - the +1 pair of boots of the Komodo Dragon {rPois rCorr}
   (You found it on level 4 of the Dungeon)

   It protects you from poison.
   It protects you from acid and corrosion.
 I - a +0 pair of gloves (worn)
 K - the +0 pair of boots of the Skies Above (worn) {rF+ rCorr}
   (You found it on level 4 of the Vaults)

   It protects you from fire.
   It protects you from acid and corrosion.
 X - a +2 hat of magic resistance (worn)
 Y - a scarf of resistance (worn)
 Z - a +4 plate armour (worn)
Jewellery
 b - an uncursed ring of protection from magic
 d - a +6 amulet of reflection
 w - a +5 ring of strength
 C - an uncursed ring of resist corrosion
 G - a +3 amulet of reflection
 H - a ring of see invisible (right hand)
 L - a +4 ring of evasion (left hand)
 O - an uncursed ring of protection from cold
 R - an amulet of faith (around neck)
Wands
 y - a wand of paralysis (46)
 J - a wand of random effects (28)
 M - a wand of iceblast (41)
 P - a wand of acid (26)
 W - a wand of flame (92)
Scrolls
 a - a scroll of brand weapon {unknown}
 e - 6 scrolls of magic mapping
 k - 22 scrolls of remove curse
 l - 2 scrolls of enchant weapon {unknown}
 n - 4 scrolls of silence
 o - a scroll of immolation
 p - 5 scrolls of torment {unknown}
 q - 7 scrolls of fear
 A - 2 scrolls of identify
 D - 6 scrolls of blinking
 F - 2 scrolls of enchant armour
 T - 8 scrolls of fog
 U - 6 scrolls of teleportation
 V - a scroll of summoning
Potions
 g - 4 potions of berserk rage
 h - 4 potions of curing
 i - 6 potions of might
 j - 5 potions of heal wounds
 m - 11 potions of haste
 t - 2 potions of flight
 v - 5 potions of resistance
 x - 5 potions of cancellation
 Q - 3 potions of agility
 S - 4 potions of mutation
Comestibles
 c - 40 rations
 N - 12 chunks of flesh


   Skills:
 + Level 20.1 Fighting
 - Level 16.0 Axes
 + Level 18.5 Armour
 + Level 3.3 Dodging
 - Level 1.5 Stealth
 - Level 15.0 Shields
 + Level 20.8 Invocations


You had 16 spell levels left.
You knew the following spells:

 Your Spells              Type           Power        Failure   Level  Hunger
a - Regeneration          Chrm/Necr      #.........   99%         3    ####...


Dungeon Overview and Level Annotations

Branches:
Dungeon (15/15)            Temple (1/1) D:7            Lair (6/6) D:10
 Shoals (4/4) Lair:2       Spider (4/4) Lair:3        Slime (0/5) Lair:6
    Orc (2/2) D:10            Elf (1/3) Orc:2        Vaults (4/5) D:13
  Crypt (0/3) Vaults:2     Depths (0/5) D:15

Altars:
Fedhas
Gozag
Hepliaklqana
Kikubaaqudgha
Nemelex Xobeh
Qazlal
Ru
Sif Muna
Vehumet
Yredelemnul
Beogh

Shops:
D:9 }   D:14 [   Orc:2 [?}}   Elf:1 *   Shoals:1 =   Vaults:1 [=%
Vaults:3 *([**

Annotations:
D:5 Menkaure
Lair:3 1 runed door
Lair:5 exclusion: 2 oklob plants
Shoals:1 exclusion: Roxanne, Roxanne
Spider:4 1 exclusion
Vaults:1 exclusion: 3 doors


Message History

The ironheart preserver casts a spell.
The ironheart preserver begins to accept its allies' injuries.
Oreg hits the ironheart preserver from afar with a +2 demon trident of electrocution!!!
Lightning courses through the ironheart preserver!
The ironheart preserver dies!
Beogh accepts your kill.
The great orb of eyes barely misses you.
Morguth hits the great orb of eyes with a trident of venom!!
The great orb of eyes dies!
Beogh accepts your kill.
Some of the chunks of flesh in your inventory have rotted away.
The deep elf mage mumbles some strange words.
The deep elf mage blinks!
Items here: )) [ † a battleaxe of freezing; a mace; a leather armour; a frost giant corpse The deep elf mage gestures at you while chanting.
The bolt of lightning hits you!
* * * LOW HITPOINT WARNING * * *
The bolt of lightning hits you!
You die...

# #.# #. #.# #.e #.'
.#..# #.# ...... #.#
.....§####.#
..<<....)o.#
..<<...@)o[#############
......####o#............
..... #)#............
##.. #o#............ #.
#o#............ #
#4'...#####'###
#.#...#........
...#...#........
#####...#..._....


You could see a deep elf mage, the friendly Morguth the orc warlord, the
friendly Oreg the orc warlord and a friendly orc priest.

Vanquished Creatures
  A lich (Vaults:4)
  Polyphemus (Shoals:3)
  A frost giant (Vaults:1)
  4 ghost moths
  4 vault wardens
  An emperor scorpion (Spider:4)
  2 entropy weavers
  A very ugly thing (Vaults:3)
  3 ironheart preservers
  Azrael (Spider:1)
  A deep elf death mage (Vaults:3)
  A crystal guardian (Vaults:3)
  2 merfolk impalers
  Erolcha (Orc:2)
  8 hydras
  Harold (D:10)
  An ice dragon (Vaults:2)
  A great orb of eyes (Vaults:3)
  A satyr (Shoals:4)
  An alligator snapping turtle (Shoals:2)
  2 death knights
  A catoblepas (Lair:6)
  2 merfolk avatars
  6 two-headed ogres
  4 centaur warriors
  2 merfolk aquamancers
  5 death yaks
  2 vampire magi
  An ogre mage (Orc:2)
  A dancing weapon (Elf:1)
  3 deep elf knights
  2 shadow wraiths
  A sixfirhy (Elf:1)
  3 sea snakes (Shoals:2)
  A deep troll (Vaults:3)
  The ghost of asishallab the Cleaver, a novice FoFi of Fedhas (D:7)
  A deep troll (shapeshifter) (Vaults:3)
  5 unseen horrors
  2 wizards
  3 harpies
  A necromancer (Vaults:4)
  6 ironbrand convokers
  16 orb spiders
  10 wolf spiders
  3 ugly things
  3 cyclopes
  11 deep elf magi
  6 orc sorcerers
  7 manticores
  A merfolk siren (Shoals:4)
  A water nymph (Shoals:3)
  5 vault sentinels
  3 black mambas (Lair:1)
  An elephant (Lair:6)
  2 gargoyles (D:11)
  A centaur skeleton (D:12)
  4 spiny frogs
  4 komodo dragons
  A dire elephant skeleton (Abyss:2)
  15 yaktaurs
  3 demonic crawlers
  3 freezing wraiths
  An ancient zyme (Abyss:2)
  2 tengu conjurers (D:14)
  A polar bear (Lair:2)
  A queen bee (D:13)
  2 hornets
  7 merfolk
  2 meliai (D:13)
  3 slime creatures
  2 trolls
  4 jumping spiders
  2 raiju (Abyss:3)
  5 hippogriffs
  3 snapping turtles
  4 blink frogs
  A dream sheep (Lair:6)
  A slime creature (shapeshifter) (Vaults:2)
  2 shadows
  7 tarantellas
  3 wyverns
  3 wraiths
  4 small abominations (Abyss:2)
  2 fire bats (Abyss:3)
  19 redbacks
  8 water elementals
  A vampire (D:15)
  4 basilisks
  22 yaks
  3 hogs (Shoals:3)
  3 large abominations (Abyss:2)
  An acid dragon (D:13)
  5 water moccasins
  A hell hound (Lair:3)
  5 porcupines
  6 orc warriors
  15 boggarts
  6 ice beasts
  A necrophage (D:11)
  4 sky beasts
  3 phantoms
  4 crocodiles
  4 wolves
  18 ogres
  12 centaurs
  Blork the orc (D:11)
  7 bullfrogs
  2 gnoll sergeants
  An earth elemental (Elf:1)
  A scorpion (D:3)
  A troll zombie (D:10)
  20 killer bees
  2 wights
  5 electric eels (D:11)
  6 howler monkeys
  6 crimson imps
  A bullfrog zombie (D:5)
  2 centaur zombies
  A jelly (D:4)
  7 orc priests
  3 hounds
  13 orc wizards
  Jessica (D:2)
  2 bullfrog skeletons
  3 iguanas
  8 worker ants
  4 ogre zombies (D:10)
  4 big kobold zombies (Ossuary)
  A hound zombie (D:11)
  2 mummies (Ossuary)
  A worker ant zombie (D:9)
  9 gnolls
  15 adders
  A howler monkey skeleton (D:11)
  4 shadow imps
  An ooze (D:2)
  An adder zombie (D:9)
  4 adder skeletons
  4 worms
  3 dart slugs
  6 leopard geckos
  22 orcs
  10 giant cockroaches
  6 goblins
  10 hobgoblins
  6 jackals
  6 kobolds
  4 quokkas
  2 ball pythons
  7 bats
  7 frilled lizards
  5 gnoll zombies (Ossuary)
  3 goblin skeletons (D:10)
  A goblin zombie (Ossuary)
  4 hobgoblin zombies
  A leopard gecko skeleton (D:5)
  2 orc skeletons (D:10)
  8 orc zombies
  6 rats
  3 fungi
  2 plants
667 creatures vanquished.

Vanquished Creatures (collateral kills)
  Mara (Shoals:3)
  Boris (Vaults:3)
  Nikola (Spider:3)
  Arachne (Spider:4)
  2 sphinxes (Vaults:3)
  Donald (Shoals:1)
  A tengu reaver (Vaults:3)
  Kirke (Shoals:3)
  Ilsuiw (Shoals:4)
  2 frost giants (Vaults:4)
  A vault warden (Vaults:4)
  3 ghost moths (Spider:4)
  A deep elf sorcerer (Elf:1)
  5 emperor scorpions
  The ghost of skk the Spear-Bearer, a journeyman BaFi of Okawaru (D:15)
  3 very ugly things (Vaults:3)
  5 ironheart preservers
  8 stone giants
  A deep elf demonologist (Elf:1)
  An entropy weaver (Spider:4)
  2 spark wasps
  4 merfolk javelineers
  4 merfolk impalers
  9 ogre magi
  2 fire dragons
  Josephine (Lair:4)
  10 vault guards
  5 great orbs of eyes
  7 yaktaur captains
  A rakshasa (Vaults:3)
  A centaur warrior (D:13)
  A hydra (Lair:6)
  A death knight (Vaults:4)
  A merfolk avatar (Shoals:4)
  5 catoblepae
  22 two-headed ogres
  5 merfolk aquamancers (Shoals:4)
  An alligator snapping turtle (Shoals:2)
  8 death yaks
  A queen ant (Spider:4)
  A tengu warrior (D:14)
  2 dancing weapons (Elf:1)
  An orc high priest (Orc:1)
  Nergalle (Lair:1)
  5 deep elf knights
  2 skeletal warriors (Vaults:3)
  5 sea snakes
  10 deep trolls
  2 wizards
  8 deep elf archers
  4 ironbrand convokers
  A harpy (shapeshifter) (Vaults:4)
  2 unseen horrors
  16 deep elf magi
  16 harpies
  24 wolf spiders
  8 orc knights
  21 ugly things
  14 manticores
  4 orb spiders
  2 moths of wrath
  5 cyclopes
  A centaur zombie (D:14)
  6 vault sentinels
  8 merfolk sirens
  2 naga magi (D:15)
  4 elephants
  Joseph (D:9)
  5 black mambas
  A gargoyle (D:14)
  A torpor snail (Spider:3)
  5 spiny frogs
  4 water nymphs
  9 komodo dragons
  21 demonic crawlers
  5 freezing wraiths
  4 rime drakes
  15 yaktaurs
  A komodo dragon (shapeshifter) (Vaults:1)
  16 jumping spiders
  17 merfolk
  A polar bear (Lair:2)
  3 trolls
  A meliai (D:13)
  5 slime creatures
  4 hornets
  2 raiju (Abyss:3)
  A wind drake (Shoals:4)
  9 dream sheep
  8 blink frogs
  8 snapping turtles
  A hippogriff (shapeshifter) (Vaults:3)
  7 hippogriffs
  A stone giant simulacrum (Vaults:3)
  A centaur simulacrum (D:15)
  A tarantella (shapeshifter) (Vaults:4)
  48 yaks
  A shadow (Vaults:1)
  17 tarantellas
  10 water elementals
  38 redbacks
  5 wraiths
  A wyvern (Lair:5)
  A redback (shapeshifter) (Vaults:3)
  5 fire elementals (Lair:3)
  A hungry ghost (D:11)
  2 basilisks
  Grum (D:10)
  2 acid dragons
  3 wargs (Orc:2)
  4 soldier ants
  A hell hound (Lair:3)
  8 water moccasins
  8 orc warriors
  6 porcupines
  2 sky beasts
  A hornet zombie (D:10)
  A black bear (D:10)
  13 ogres
  An eye of draining (D:11)
  A necrophage (D:10)
  A boggart (Vaults:2)
  3 phantoms
  8 centaurs
  15 wolves
  A big kobold (D:14)
  10 crocodiles
  5 bullfrogs
  2 wyvern zombies
  A water moccasin zombie (D:11)
  An orc simulacrum (Vaults:1)
  5 wights
  6 killer bees (D:13)
  A howler monkey (D:12)
  2 crimson imps (D:7)
  A bullfrog zombie (D:13)
  A human simulacrum (Vaults:3)
  2 jellies (D:13)
  2 orc priests
  3 hounds
  3 centaur skeletons
  2 iguanas
  7 worker ants
  6 orc wizards
  3 ogre zombies (D:10)
  A worker ant zombie (D:10)
  An adder (D:11)
  A shadow imp (D:8)
  An adder skeleton (D:7)
  A leopard gecko (D:11)
  20 orcs
  A goblin skeleton (D:10)
  2 goblin zombies (D:10)
  A hobgoblin zombie (D:10)
  2 orc skeletons (D:10)
  6 orc zombies (D:10)
  17 fungi
  29 plants
820 creatures vanquished.

Vanquished Creatures (others)
  3 orc knights
  4 orc sorcerers
  9 orc warriors
  A bullfrog (D:14)
  13 orc wizards
  7 orc priests
  36 orcs
  A giant cockroach (D:5)
  A quokka (D:5)
  2 bushes (D:10)
  18 fungi
  12 plants
  11 toadstools (Lair:3)
118 creatures vanquished.

Grand Total: 1605 creatures vanquished

Notes
Turn   | Place    | Note
-------+----------+-------------------------------------------
     0 | D:1      | microfolk the Hill Orc Monk began the quest for the Orb.
     0 | D:1      | Reached XP level 1. HP: 19/19 MP: 1/1
    70 | D:1      | HP: 1/20 [kobold/club (5)]
    87 | D:1      | HP: 1/20 [bat (1)]
   476 | D:1      | Reached XP level 2. HP: 19/27 MP: 2/2
   664 | D:1      | Reached skill level 1 in Armour
   901 | D:1      | Reached XP level 3. HP: 33/33 MP: 3/3
  1638 | D:2      | Reached XP level 4. HP: 30/41 MP: 4/4
  1781 | D:2      | Noticed Jessica
  1798 | D:2      | Reached skill level 5 in Axes
  1803 | D:2      | Killed Jessica
  2347 | D:2      | Reached XP level 5. HP: 37/47 MP: 5/5
  2870 | D:3      | Reached skill level 5 in Fighting
  3637 | D:3      | Reached XP level 6. HP: 56/56 MP: 6/6
  3856 | D:3      | HP: 1/56 [scorpion (3)]
  3859 | D:3      | Reached skill level 1 in Shields
  4348 | D:4      | Reached XP level 7. HP: 30/62 MP: 7/7
  4638 | D:4      | Got a pair of crude boots
  4644 | D:4      | Identified the +1 pair of boots of the Komodo Dragon {rPois rCorr} (You found it on level 4 of the Dungeon)
  4973 | D:4      | Found an opulent altar of Gozag.
  4973 | D:4      | Found a sparkling altar of Nemelex Xobeh.
  5319 | D:5      | Entered Level 5 of the Dungeon
  5345 | D:5      | Found a blossoming altar of Fedhas.
  5367 | D:5      | Became a worshipper of Beogh the Brigand
  5367 | D:5      | Reached * piety under Beogh
  5367 | D:5      | Reached ** piety under Beogh
  5515 | D:5      | Noticed Menkaure
  6365 | D:6      | Reached skill level 1 in Invocations
  6365 | D:6      | Reached XP level 8. HP: 39/71 MP: 8/8
  6664 | D:6      | Reached skill level 5 in Armour
  6814 | D:6      | Noticed a wyvern
  6946 | D:6      | Found a sand-covered staircase.
  6954 | Ossuary  | Entered an ossuary
  7282 | D:6      | Reached *** piety under Beogh
  7415 | D:6      | Killed a wyvern
  7673 | D:6      | Found a hazy altar of Hepliaklqana.
  8274 | D:7      | Noticed asishallab's ghost (novice FoFi)
  8281 | D:7      | Killed asishallab's ghost
  8281 | D:7      | Reached skill level 5 in Shields
  8281 | D:7      | Reached XP level 9. HP: 78/81 MP: 1/12
  8350 | D:7      | Found a basalt altar of Yredelemnul.
  8457 | D:7      | Reached skill level 5 in Invocations
  8848 | D:7      | Found a staircase to the Ecumenical Temple.
  8858 | Temple   | Entered the Ecumenical Temple
 10059 | D:9      | Found a sacrificial altar of Ru.
 10114 | D:9      | Reached XP level 10. HP: 62/90 MP: 14/14
 10198 | D:9      | Reached **** piety under Beogh
 10257 | D:9      | Noticed a two-headed ogre
 10264 | D:9      | Killed a two-headed ogre
 10489 | D:9      | Noticed Joseph
 10503 | D:9      | Killed Joseph
 10503 | D:9      | Reached skill level 10 in Axes
 10673 | D:9      | Found Hezuacwa's Gadget Emporium.
 10830 | D:10     | Entered Level 10 of the Dungeon
 10852 | D:10     | Found a staircase to the Orcish Mines.
 10856 | D:10     | Noticed Grum
 10870 | D:10     | Reached ***** piety under Beogh
 10873 | D:10     | Killed Grum
 11288 | D:10     | Found a staircase to the Lair.
 11390 | D:10     | Reached skill level 10 in Fighting
 11390 | D:10     | Reached XP level 11. HP: 101/101 MP: 16/18
 11409 | D:10     | Reached XP level 12. HP: 108/108 MP: 19/19
 11421 | D:10     | Gained Bogward as an ally
 11487 | D:10     | Got a polished hand axe
 11495 | D:10     | Identified the +5 hand axe of Neurosis {speed, Str+8} (You found it on level 10 of the Dungeon)
 11605 | D:10     | Noticed Harold
 11629 | D:10     | Killed Harold
 11685 | D:10     | Learned a level 3 spell: Regeneration
 11755 | D:10     | Reached skill level 10 in Invocations
 12549 | D:11     | Reached skill level 10 in Armour
 12706 | D:11     | Found the +9 staff of Wucad Mu {channel}
 13341 | D:11     | Noticed Blork the orc
 13347 | D:11     | Killed Blork the orc
 13351 | D:11     | Found a deep blue altar of Sif Muna.
 13702 | D:11     | Cast into level 2 of the Abyss (a wizard)
 13860 | Abyss:2  | Noticed a wretched star
 13885 | Abyss:2  | Noticed a wretched star
 14226 | D:11     | Escaped the Abyss
 14267 | D:11     | Noticed a two-headed ogre
 14271 | D:11     | Killed a two-headed ogre
 14272 | D:11     | Noticed a fire dragon
 14272 | D:11     | Noticed an eight-headed hydra
 14283 | D:11     | Killed an eight-headed hydra
 14283 | D:11     | Reached skill level 10 in Shields
 14506 | D:12     | Reached XP level 13. HP: 100/118 MP: 19/19
 14914 | D:12     | Gained Ognian as an ally
 15299 | D:13     | Found a stormy altar of Qazlal.
 15536 | Lair:1   | Entered Level 1 of the Lair of Beasts
 15739 | Lair:1   | Noticed Nergalle
 15746 | Lair:1   | Killed Nergalle
 16912 | Lair:2   | Gained Korbok as an ally
 17203 | Lair:2   | Found a staircase to the Shoals.
 17488 | Lair:3   | Gained Morguth as an ally
 17523 | Lair:3   | Found a runed door.
 17655 | Lair:3   | Found a hole to the Spider Nest.
 18754 | Lair:4   | Reached XP level 14. HP: 129/129 MP: 23/23
 18765 | Lair:4   | Noticed Josephine
 18771 | Lair:4   | Killed Josephine
 19812 | Lair:6   | Entered Level 6 of the Lair of Beasts
 20156 | Lair:6   | Gained Dorog as an ally
 20710 | Lair:6   | Found a staircase to the Slime Pits.
 20998 | Lair:6   | Reached skill level 15 in Axes
 22000 | Orc:1    | Entered Level 1 of the Orcish Mines
 22021 | Orc:1    | Reached ****** piety under Beogh
 22301 | Orc:2    | Entered Level 2 of the Orcish Mines
 22301 | Orc:2    | Found a staircase to the Elven Halls.
 22419 | Orc:2    | Found a flickering gateway to a bazaar.
 22424 | Bazaar   | Entered a bazaar
 22426 | Bazaar   | Found Ciatopas's Book Boutique.
 22430 | Bazaar   | Found Gotiudwomiu's Weapon Boutique.
 22430 | Bazaar   | Found Pirirch Ompe's Antique Weapon Boutique.
 22431 | Bazaar   | Found Biut's Book Boutique.
 22467 | Bazaar   | Bought a runed glaive for 266 gold pieces
 22566 | Orc:2    | Found Yklit's Gadget Boutique.
 22605 | Orc:2    | Found an ancient bone altar of Kikubaaqudgha.
 22613 | Orc:2    | Paralysed by an orc sorcerer for 7 turns
 22636 | Orc:2    | Reached XP level 15. HP: 48/138 MP: 14/25
 22725 | Orc:2    | Found Xaecat Jixo's Gadget Boutique.
 22737 | Orc:2    | Noticed Erolcha
 22767 | Orc:2    | Killed Erolcha
 22873 | Orc:2    | Found a radiant altar of Vehumet.
 22891 | Orc:2    | Found a roughly hewn altar of Beogh.
 22891 | Orc:2    | Found Myory Bosie's Antique Armour Shop.
 22894 | Orc:2    | Found Mofol Yptudgh's Magic Scroll Boutique.
 22938 | Orc:2    | Bought a glowing plate armour for 988 gold pieces
 22963 | Orc:2    | Bought a scroll of identify for 30 gold pieces
 23559 | Orc:1    | Noticed an orc warlord
 24094 | Spider:1 | Entered Level 1 of the Spider Nest
 24094 | Spider:1 | Noticed an emperor scorpion
 24105 | Lair:3   | Killed an emperor scorpion
 24108 | Spider:1 | Noticed a ghost moth
 24111 | Spider:1 | Killed a ghost moth
 24444 | Spider:1 | Noticed Azrael
 24455 | Spider:1 | Killed Azrael
 24476 | Spider:1 | Gained Arbeogh as an ally
 26647 | Spider:2 | Reached skill level 15 in Fighting
 26956 | Spider:3 | Noticed Nikola
 27083 | Shoals:1 | Entered Level 1 of the Shoals
 27083 | Shoals:1 | Found Nocrik Letei's Jewellery Shop.
 27329 | Shoals:1 | Noticed Roxanne
 27744 | Shoals:1 | Noticed Donald
 27745 | Shoals:1 | Killed Donald
 27935 | Shoals:1 | Reached skill level 15 in Invocations
 28300 | Shoals:2 | Reached XP level 16. HP: 137/149 MP: 27/27
 29181 | Shoals:3 | Noticed Mara
 29385 | Shoals:3 | Killed Mara
 29668 | Shoals:3 | Your ally Dorog died
 29694 | Shoals:3 | Noticed Polyphemus
 29706 | Shoals:3 | Killed Polyphemus
 29885 | Shoals:3 | Noticed Kirke
 29906 | Shoals:3 | Killed Kirke
 30532 | D:13     | Found a deep blue altar of Sif Muna.
 30898 | D:13     | Found a gate to the Vaults.
 31283 | D:13     | Gained Morguth as an ally
 32335 | D:14     | Gained Olfrun as an ally
 32467 | D:14     | Gained Zartorak as an ally
 32469 | D:14     | Your ally Zartorak died
 32575 | D:14     | Found Cag Zul's Antique Armour Shop.
 32590 | D:14     | Bought a pair of dazzling gloves for 247 gold pieces
 32600 | D:14     | Identified the +0 pair of gloves of Dishonesty {rF- rC++ rCorr MP+9} (You bought it in a shop on level 14 of the Dungeon)
 32857 | D:15     | Entered Level 15 of the Dungeon
 33268 | D:15     | Noticed skk's ghost (journeyman BaFi)
 33286 | D:15     | Killed skk's ghost
 33324 | D:15     | Found a staircase to the Depths.
 33379 | D:15     | Reached XP level 17. HP: 145/159 MP: 29/29
 33582 | D:15     | Gained Argrim as an ally
 34090 | D:11     | Reached skill level 15 in Armour
 34097 | D:11     | Identified the Grimoire of Icy Confrontation
 34579 | Spider:3 | Gained Oreg as an ally
 34746 | Spider:3 | Killed Nikola
 35537 | Spider:4 | Entered Level 4 of the Spider Nest
 35539 | Spider:4 | Noticed Arachne
 35561 | Spider:4 | Killed Arachne
 35845 | Spider:4 | Reached skill level 15 in Shields
 36934 | Spider:4 | Got a gossamer rune of Zot
 37141 | Shoals:4 | Entered Level 4 of the Shoals
 37246 | Shoals:4 | Noticed Ilsuiw
 37256 | Shoals:4 | Killed Ilsuiw
 37729 | Shoals:3 | Your ally Argrim died
 38265 | Shoals:4 | Your ally Olfrun died
 38383 | Shoals:4 | Reached XP level 18. HP: 130/170 MP: 30/30
 38612 | Shoals:4 | Your ally Olfrun died
 39063 | Shoals:4 | Got a barnacled rune of Zot
 39226 | Shoals:4 | Upgraded the game from 0.21.0-22-g11d5b52 to 0.21.0-24-g2553a33
 39395 | Elf:1    | Entered Level 1 of the Elven Halls
 40100 | Elf:1    | Cast into level 3 of the Abyss (a deep elf sorcerer)
 40219 | Elf:1    | Escaped the Abyss
 40572 | Elf:1    | Found Juet's General Store.
 41298 | Vaults:1 | Entered Level 1 of the Vaults
 41940 | Vaults:1 | Found Kahoa's Food Boutique.
 42348 | Vaults:1 | Found Gygufet's Jewellery Shop.
 42415 | Vaults:1 | Paralysed by a great orb of eyes for 7 turns
 43097 | Vaults:1 | Found Tiewnomn's Armour Boutique.
 44271 | Vaults:2 | Your ally Morguth died
 44544 | Vaults:2 | Found a staircase to the Crypt.
 45048 | Vaults:2 | Reached XP level 19. HP: 181/181 MP: 25/32
 45498 | Vaults:3 | Found Umilien's Antique Armour Boutique.
 45579 | Vaults:3 | Found Yficykiu's Weapon Shop.
 46184 | Vaults:3 | Found Dixoept's Assorted Antiques.
 46319 | Vaults:3 | Found Kahul's Assorted Antiques.
 46329 | Vaults:3 | Noticed Boris
 46343 | Vaults:3 | Killed Boris
 46345 | Vaults:3 | Found Qiopiol's Assorted Antiques.
 46354 | Vaults:3 | Bought a smoking cloak for 218 gold pieces
 46354 | Vaults:3 | Bought a potion of mutation for 184 gold pieces
 46354 | Vaults:3 | Identified the +2 cloak "Jyotoa" {Int+4} (You bought it in a shop on level 3 of the Vaults)
 46726 | Vaults:3 | Gained Bogdan as an ally
 47356 | Vaults:4 | Noticed a lich
 47384 | Vaults:4 | Killed a lich
 47908 | Vaults:4 | Paralysed by a great orb of eyes for 2 turns
 48051 | Vaults:4 | Found an opulent altar of Gozag.
 48560 | Vaults:4 | Identified the +0 pair of boots of the Skies Above {rF+ rCorr} (You found it on level 4 of the Vaults)
 48799 | Vaults:4 | Reached XP level 20. HP: 184/193 MP: 34/34
 48856 | Vaults:4 | Killed from afar by a deep elf mage

Skill      XL: |  1  2  3  4  5  6  7  8  9 10 11 12 13 14 15 16 17 18 19 20 |
---------------+-------------------------------------------------------------+-----
Armour         | 1 2 3 4 6 7 9 10 11 12 13 14 16 17 18 | 18.5
Fighting       | 4 5 6 7 8 10 12 13 14 15 16 17 18 20 | 20.1
Axes           | 5 6 7 8 9 11 13 14 15 16 | 16.0
Shields        | 1 3 5 6 8 10 11 12 13 14 15 | 15.0
Invocations    | 1 4 6 9 11 12 13 15 16 17 19 20 | 20.8
Dodging        | 3 |  3.3
Stealth        | |  1.5

Action                   |  1- 3 |  4- 6 |  7- 9 | 10-12 | 13-15 | 16-18 | 19-21 || total
-------------------------+-------+-------+-------+-------+-------+-------+-------++-------
Melee: Hand axe          |   110 |   249 |   487 |   314 |   966 |  1513 |   549 ||  4188
       War axe           |       |       |    81 |   169 |       |       |       ||   250
Invok: Convert to Beogh  |       |       |     1 |       |       |       |       ||     1
       Smiting           |       |       |     3 |    13 |    64 |    35 |    20 ||   135
       Recall Orcish Fol |       |       |       |     3 |    14 |    29 |     2 ||    48
       Stop Recall       |       |       |       |     2 |    14 |    29 |     2 ||    47
       Give Item to Name |       |       |       |     1 |     3 |     2 |       ||     6
       Resurrection      |       |       |       |       |       |     1 |       ||     1
Evoke: Wand              |       |       |       |       |       |     3 |       ||     3
  Use: Scroll            |     2 |     3 |     8 |    11 |    17 |     8 |     3 ||    52
       Potion            |     1 |     1 |       |     1 |       |     1 |     3 ||     7
 Stab: Distracted        |       |       |     3 |       |    13 |    16 |     2 ||    34
       Sleeping          |       |       |       |     1 |     1 |       |       ||     2
  Eat: Chunk             |     2 |     9 |     9 |     7 |    25 |    20 |    12 ||    84
       Ration            |       |       |     3 |     2 |     6 |     9 |       ||    20
Armor: Robe              |    21 |     3 |       |       |       |       |       ||    24
       Chain mail        |       |   145 |   265 |    73 |       |       |       ||   483
       Ring mail         |       |       |       |    37 |    91 |       |       ||   128
       Plate armour      |       |       |       |       |   228 |   452 |   121 ||   801
Dodge: Dodged            |    91 |   102 |   117 |   156 |   365 |   413 |   154 ||  1398
       Deflected         |       |       |       |       |     4 |       |       ||     4
Block: Shield            |       |    26 |   224 |   208 |   479 |   805 |   263 ||  2005
